Map: Selva profunda EE

Players

Rolex

  • Race: Zerg Zerg
  • League: Silver
  • Spawn Location: 3:00

ifrostkdb

  • Race: Protoss Protoss
  • Spawn Location: 1:00

Xephorot

  • Race: Terran Terran
  • League: Silver
  • Spawn Location: 1:00

TATORREA - Winner!

  • Race: Protoss Protoss
  • League: Gold
  • Spawn Location: 7:00

tigro - Winner!

  • Race: Terran Terran
  • League: Bronze
  • Spawn Location: 7:00

MrFercho - Winner!

  • Race: Zerg Zerg
  • League: Gold
  • Spawn Location: 7:00

VOD

Have the link to the VOD?

Description

Time

  • Played on: Aug. 14, 2020, 10:06 p.m.
  • Length: 13:51
Show
View Real Time Build Order
Export as new Build Order

Rolex Zerg 

Build Orders: Pool First 

Get SALT Encoding   

  12  0:03  Drone  
  13  0:08  Drone  
  14  0:18  Overlord  
  14  0:37  Spawning Pool  
  14  0:39  Drone  
  14  0:51  Drone  
  14  0:52  Drone x2  
  17  1:20  Drone  
  17  1:21  Hatchery  
  17  1:29  Queen  
  17  1:32  Zergling x4  
  21  1:42  Extractor  
  21  1:43  Zergling x2  
  21  1:47  Overlord  
  21  2:15  Zergling x2  
  21  2:16  Zergling x2  
  23  2:32  Extractor  
  23  2:36  Queen  
  24  2:38  Drone  
  24  2:42  Zergling x6  
  28  3:04  Lair  
  28  3:07  Drone x3  
  31  3:25  Spine Crawler  
  30  3:36  Drone x5  
  30  3:37  Drone  
  30  3:39  Overlord x2  
  36  3:48  Evolution Chamber  
  35  3:52  Evolution Chamber  
  34  4:03  Drone x3  
  37  4:41  Spore Crawler  
  37  4:42  Spore Crawler  
  37  4:44  Spore Crawler  
  37  4:45  Zerg Missile Weapons Level 1  
  34  4:46  Zerg Ground Armor Level 1  
  34  4:55  Hydralisk Den  
  34  4:57  Drone x3  
  34  4:58  Drone x3  
  34  4:59  Drone  
  40  5:01  Drone  
  40  5:04  Drone  
  42  5:09  Extractor  
  42  5:11  Extractor  
  40  5:17  Spore Crawler  
  40  5:21  Pneumatized Carapace  
  39  5:30  Hydralisk x2  
  43  5:47  Drone  
  43  5:48  Drone x2  
  43  5:49  Drone x2  
  48  6:00  Hydralisk x2  
  52  6:10  Spine Crawler x2  
  50  6:15  Spine Crawler  
  50  6:17  Drone x2  
  51  6:19  Drone  
  52  6:26  Grooved Spines  
  52  6:42  Overlord x2  
  52  6:47  Overseer  
  52  7:01  Spire  
  51  7:02  Zerg Missile Weapons Level 2  
  51  7:11  Zerg Ground Armor Level 2  
  51  7:17  Drone x2  
  51  7:18  Drone  
  54  7:37  Muscular Augments  
  54  7:50  Hydralisk x3  
  54  7:51  Hydralisk x4  
  60  7:57  Overlord  
  68  8:00  Overlord  
  68  9:02  Hydralisk x4  
  70  9:04  Overlord x3  
  70  9:05  Overlord x3  
  76  9:15  Infestation Pit  
  75  9:21  Hatchery  
  74  9:24  Mutalisk x2  
  74  9:25  Mutalisk x2  
  74  9:30  Zerg Flyer Weapons Level 1  
  82  9:53  Mutalisk x5  
  92  10:05  Drone x5  
  76  10:48  Mutalisk  
  76  10:49  Mutalisk x4  
  80  10:50  Hydralisk x2  
  80  10:51  Hydralisk x2  
  79  11:21  Queen  
  79  11:23  Drone x3  
  79  11:24  Hydralisk x4  
  79  11:25  Hydralisk  
  94  11:37  Zerg Melee Weapons Level 1  
  94  11:42  Hive  
  88  12:13  Mutalisk  
  88  12:14  Mutalisk x3  
  96  12:26  Drone x3  
  99  12:35  Extractor  
  96  12:38  Extractor  
  36  13:14  Hydralisk x3  
  36  13:15  Hydralisk x5  
  36  13:16  Hydralisk  
Show
View Real Time Build Order
Export as new Build Order

ifrostkdb Protoss 

Build Orders:  

Get SALT Encoding   

  12  0:36  Pylon  
  12  0:41  Assimilator  
  12  0:45  Assimilator  
  12  0:55  Gateway  
  12  1:32  Probe (Chrono Boost)  
  13  1:42  Probe (Chrono Boost)  
  14  1:47  Probe (Chrono Boost), Cybernetics Core  
  16  2:08  Probe (Chrono Boost)  
  16  2:18  Probe (Chrono Boost)  
  17  2:23  Probe (Chrono Boost)  
  18  3:21  Stargate  
  18  3:24  Stargate  
  18  3:25  Pylon  
  18  3:28  Pylon  
  18  3:52  Nexus  
  18  4:12  Void Ray (Chrono Boost)  
  18  4:13  Void Ray (Chrono Boost)  
  26  4:25  Forge  
  26  4:29  Pylon  
  26  5:02  Void Ray x2  
  34  5:11  Photon Cannon  
  34  5:18  Photon Cannon  
  34  6:04  Probe  
  35  6:16  Probe  
  36  6:28  Probe  
  37  6:33  Void Ray x2 (Chrono Boost)  
  45  6:40  Probe  
  46  6:52  Probe  
  47  7:53  Stargate  
  47  7:55  Stargate  
  47  8:01  Pylon x2  
  47  8:04  Pylon  
  47  8:11  Pylon  
  47  8:15  Pylon  
  47  9:13  Fleet Beacon  
  47  10:06  Assimilator  
  47  10:08  Assimilator  
  47  11:05  Carrier  
  47  11:06  Carrier x2  
  47  11:07  Carrier  
  71  11:21  Robotics Facility  
  71  11:30  Probe  
  72  11:42  Probe  
  73  11:55  Probe  
  74  12:33  Observer  
Show
View Real Time Build Order
Export as new Build Order

Xephorot Terran 

Build Orders: 2 Factory, Gas First Reaper Expand, Mech 

Get SALT Encoding   

  12  0:01  SCV  
  13  0:17  SCV  
  14  0:22  Supply Depot  
  14  0:25  Refinery  
  14  0:29  SCV  
  15  0:43  SCV  
  15  0:47  Barracks  
  16  0:55  SCV  
  17  1:10  SCV  
  18  1:22  SCV  
  19  1:36  Reaper  
  20  1:40  SCV  
  20  1:41  Command Center  
  21  1:54  SCV  
  22  1:57  Supply Depot  
  22  2:07  Orbital Command  
  22  2:09  Barracks Reactor  
  22  2:26  Factory  
  22  2:29  Refinery  
  22  2:33  SCV  
  22  2:45  SCV  
  22  2:46  Marine x2  
  25  2:55  Supply Depot  
  25  2:57  SCV x2  
  27  3:09  SCV  
  27  3:11  Factory  
  28  3:18  Supply Depot  
  28  3:19  SCV  
  29  3:21  SCV  
  29  3:23  Hellion  
  29  3:26  Hellion  
  34  3:31  SCV  
  34  3:33  Barracks Tech Lab  
  35  3:37  Supply Depot  
  35  3:38  SCV  
  36  3:45  Hellion  
  36  3:48  Hellion  
  40  3:58  SCV  
  40  4:00  Factory Tech Lab  
  40  4:01  Supply Depot  
  41  4:06  Hellion  
  41  4:08  SCV  
  41  4:09  Hellion  
  46  4:14  Engineering Bay, SCV  
  47  4:18  Refinery  
  47  4:23  Siege Tank  
  50  4:33  Supply Depot  
  50  4:38  SCV  
  50  4:40  Widow Mine x2  
  50  4:45  Armory, SCV  
  56  4:53  SCV  
  56  4:57  Supply Depot, Siege Tank  
  60  5:00  Marine  
  61  5:08  Factory  
  57  5:23  Widow Mine  
  57  5:24  SCV x2  
  61  5:29  Siege Tank  
  64  5:36  Missile Turret  
  64  5:37  SCV  
  64  5:38  Missile Turret  
  67  5:43  Widow Mine  
  67  5:48  Marauder  
  69  5:50  Concussive Shells  
  69  5:56  Missile Turret  
  69  5:57  Factory Tech Lab  
  69  6:03  Factory  
  69  6:04  Refinery  
  69  6:09  SCV  
  70  6:14  SCV  
  74  6:18  Siege Tank  
  74  6:19  Widow Mine  
  74  6:20  Widow Mine  
  74  6:22  Terran Vehicle Weapons Level 1  
  78  6:32  SCV  
  79  6:35  Thor  
  79  6:38  SCV  
  86  6:49  Sensor Tower  
  86  6:53  Factory Tech Lab  
  86  7:02  SCV  
  88  7:10  Starport, Orbital Command  
  88  7:13  Siege Tank  
  88  7:14  Widow Mine x2  
  94  7:17  Sensor Tower  
  94  7:26  Supply Depot  
  94  7:39  Drilling Claws  
  94  7:48  Widow Mine x2, SCV  
  99  7:53  Starport Reactor  
  99  7:56  SCV  
  99  7:57  Starport  
  100  8:07  SCV  
  101  8:15  Command Center  
  101  8:16  Terran Vehicle And Ship Armor Level 1  
  101  8:20  Widow Mine, Siege Tank x2  
  109  8:31  Supply Depot  
  109  8:32  Supply Depot x2  
  109  8:37  Starport Reactor  
  109  8:52  Thor  
  109  8:53  Widow Mine  
  117  9:15  SCV x2  
  119  9:22  Refinery  
  119  9:24  Refinery  
  119  9:28  SCV  
  119  9:29  SCV  
  119  9:30  SCV  
  122  9:32  Siege Tank  
  122  9:33  Widow Mine, Siege Tank  
  122  9:34  Widow Mine  
  132  9:45  SCV x2  
  134  9:48  Orbital Command  
  134  9:53  Viking x2  
  134  9:54  Viking x2  
  134  9:57  SCV x2  
  144  10:01  Widow Mine  
  144  10:02  Widow Mine  
  148  10:09  SCV  
  148  10:10  Terran Vehicle Weapons Level 2  
  149  10:17  SCV x2  
  145  10:23  Viking  
  125  10:48  Widow Mine, Siege Tank  
  116  10:50  SCV  
  116  10:51  Widow Mine  
  116  10:52  Siege Tank  
  115  11:02  Siege Tank, SCV  
  109  11:14  Supply Depot  
  109  11:15  Supply Depot x2  
  109  11:17  Supply Depot  
  109  11:19  Supply Depot x2  
  109  11:22  Supply Depot  
  109  11:32  SCV  
  108  11:33  Widow Mine  
  108  11:35  Viking x4  
  108  11:36  Thor x2  
  108  11:37  Widow Mine x2  
  130  11:54  Thor  
  136  12:05  Viking x2  
  140  12:09  Widow Mine  
  140  12:10  Widow Mine  
  140  12:11  SCV x2  
  146  12:19  Thor  
  152  12:25  Command Center  
  152  12:36  Siege Tank  
  155  12:37  Siege Tank  
  122  13:12  Viking  
  100  13:13  Viking  
  100  13:14  Viking  
  100  13:15  Viking  
  100  13:17  Widow Mine  
  100  13:18  Widow Mine  
Show
View Real Time Build Order
Export as new Build Order

TATORREA Protoss - Winner!

Build Orders:  

Get SALT Encoding   

  12  0:02  Probe  
  13  0:14  Probe  
  14  0:26  Probe  
  14  0:28  Pylon  
  15  0:46  Probe  
  16  0:52  Gateway  
  16  0:58  Probe  
  17  1:10  Probe  
  18  1:24  Gateway  
  18  1:31  Probe  
  19  1:41  Assimilator, Pylon  
  19  1:42  Pylon  
  19  1:43  Probe  
  20  1:54  Assimilator  
  20  1:55  Probe  
  21  2:07  Probe  
  21  2:20  Cybernetics Core  
  21  2:22  Nexus  
  21  2:24  Pylon, Probe  
  22  2:31  Zealot  
  24  3:02  Twilight Council  
  24  3:04  Stalker x2  
  24  3:05  Warp Gate  
  28  3:29  Probe  
  28  3:30  Gateway  
  28  3:32  Gateway  
  29  3:35  Zealot  
  29  3:41  Probe, Zealot  
  32  3:44  Probe  
  35  3:53  Probe  
  36  3:56  Probe  
  37  4:05  Probe  
  37  4:08  Probe  
  39  4:17  Probe  
  39  4:21  Probe  
  41  4:29  Probe  
  42  4:33  Probe  
  43  4:41  Probe  
  43  4:42  Charge  
  43  4:45  Probe  
  45  4:56  Stalker x4  
  53  5:05  Probe x2  
  55  5:17  Probe  
  55  5:18  Probe  
  55  5:20  Assimilator  
  57  5:21  Assimilator  
  57  5:30  Probe x2  
  57  5:35  Stalker  
  61  5:45  Pylon x2  
  61  5:51  Pylon  
  61  5:53  Probe  
  61  5:54  Pylon x2  
  62  6:02  Pylon, Nexus  
  62  6:03  Pylon, Probe  
  63  6:06  Probe  
  64  6:15  Probe  
  64  6:17  Forge  
  65  6:19  Forge  
  65  6:20  Forge  
  65  6:22  Robotics Facility  
  65  6:31  Probe x2  
  67  6:43  Probe x2  
  67  6:44  Gateway  
  69  6:47  Gateway  
  69  6:50  Gateway, Protoss Ground Weapons Level 1 (Chrono Boost)  
  69  6:51  Protoss Ground Armor Level 1 (Chrono Boost)  
  69  6:53  Gateway  
  69  6:54  Protoss Shields Level 1 (Chrono Boost)  
  69  6:55  Probe x2  
  71  7:08  Templar Archives  
  71  7:16  Pylon x2  
  71  7:20  Pylon  
  71  7:27  Stalker x3  
  71  7:29  Stalker  
  79  7:34  Probe x3  
  82  7:45  Psionic Storm  
  82  7:46  Probe x3  
  85  7:51  Observer  
  85  7:58  Probe x3  
  88  8:02  Assimilator  
  89  8:06  Assimilator  
  89  8:07  High Templar  
  89  8:08  High Templar x3  
  89  8:09  High Templar  
  89  8:10  Probe x2  
  89  8:11  Probe  
  102  8:15  Zealot  
  102  8:16  Zealot x2  
  102  8:18  Archon x2  
  108  8:22  Probe  
  108  8:25  Probe x2  
  111  8:34  Probe  
  111  8:39  Nexus  
  112  8:41  Pylon  
  112  8:44  Pylon  
  112  9:15  Probe  
  112  9:16  Probe x2  
  115  9:18  Nexus  
  115  9:21  Immortal, Pylon  
  115  9:23  Pylon  
  115  9:27  Protoss Ground Weapons Level 2 (Chrono Boost)  
  115  9:28  Probe x3  
  122  9:32  Protoss Shields Level 2 (Chrono Boost)  
  122  9:39  Assimilator  
  122  9:44  Assimilator  
  122  9:50  Gateway  
  122  9:51  Gateway  
  122  9:52  Warp Prism  
  122  9:53  Gateway  
  122  9:55  Gateway, Protoss Ground Armor Level 2 (Chrono Boost)  
  122  9:57  High Templar  
  122  9:58  High Templar x3  
  122  9:59  Gateway, High Templar  
  132  10:02  Zealot x2  
  132  10:03  Zealot  
  132  10:05  Archon x2  
  140  10:21  Blink  
  140  10:23  Immortal  
  140  10:24  Zealot  
  140  10:25  Zealot x2  
  87  11:09  Gateway  
  77  11:17  Probe  
  77  11:18  Gateway, Probe x4  
  82  11:20  Gateway  
  82  11:22  Gateway, High Templar  
  82  11:23  Gateway, High Templar x5  
  82  11:24  High Templar x2  
  82  11:25  High Templar x3  
  102  11:26  High Templar  
  102  11:28  Zealot  
  102  11:29  Archon x4  
  102  11:30  Probe x2, Archon x2  
  110  11:36  Immortal  
  114  11:50  Gateway  
  114  11:53  Gateway  
  114  11:55  Gateway  
  114  11:58  Gateway  
  114  12:00  Gateway  
  114  12:02  Gateway  
  114  12:03  Zealot x2  
  114  12:04  Zealot x3  
  114  12:05  Gateway, Zealot x3  
  114  12:06  Zealot x3  
  114  12:07  Zealot x2  
  114  12:08  Gateway  
  140  12:10  Gateway  
  140  12:15  Immortal (Chrono Boost)  
  144  12:22  Zealot  
  144  12:23  Zealot x3  
  144  12:24  Zealot x2  
  144  12:25  Zealot x3  
  144  12:26  Zealot  
  144  12:27  Zealot x2  
  144  12:28  Zealot x2  
  144  12:29  Zealot x2  
  176  12:30  Zealot x2  
  180  12:49  Zealot x2  
  180  12:50  Zealot x5  
  180  12:51  Zealot x3  
  190  12:52  Observer (Chrono Boost), Zealot x2  
  190  12:53  Zealot  
  190  12:54  Zealot  
  190  12:55  Zealot  
  161  13:05  Zealot  
  161  13:06  Zealot x3  
  161  13:07  Zealot  
  161  13:08  Zealot x5  
  161  13:09  Zealot  
  169  13:28  Stalker  
  169  13:29  Stalker x5  
  169  13:30  Stalker x4  
  169  13:31  Stalker x3, Assimilator  
  169  13:32  Stalker x2  
  169  13:33  Assimilator  
Show
View Real Time Build Order
Export as new Build Order

tigro Terran - Winner!

Build Orders:  

Get SALT Encoding   

  12  0:13  SCV  
  13  0:23  Supply Depot  
  13  0:25  SCV  
  13  0:27  Refinery  
  14  0:41  SCV  
  15  0:53  SCV  
  16  0:58  Supply Depot  
  16  1:05  SCV  
  17  1:12  Barracks  
  17  1:17  SCV  
  18  1:29  SCV  
  19  1:51  SCV  
  19  1:53  Refinery  
  20  2:00  Barracks  
  20  2:02  Marine  
  20  2:03  SCV  
  22  2:15  SCV  
  22  2:20  Marine  
  24  2:27  SCV  
  25  2:38  Marine  
  25  2:40  Engineering Bay  
  26  2:51  Barracks Reactor, Factory  
  26  2:56  Marine  
  26  2:57  Orbital Command  
  27  3:14  Marine  
  28  3:32  Barracks Tech Lab  
  28  3:44  Starport  
  28  3:45  Factory Tech Lab  
  28  3:49  Marine x2  
  28  3:54  Combat Shield  
  30  3:58  Terran Infantry Weapons Level 1  
  30  4:06  Marine  
  30  4:07  Marine  
  32  4:12  Siege Tank  
  35  4:24  Marine x2  
  35  4:30  Medivac  
  39  4:50  Marine x2  
  41  5:13  Stimpack  
  41  5:34  Marine x2  
  41  5:35  Marine  
  44  5:52  Terran Infantry Armor Level 1, Marine x3  
  47  6:01  Starport Tech Lab  
  47  6:09  Command Center  
  47  6:15  Armory  
  47  6:22  Supply Depot  
  47  6:43  Marine x3  
  47  6:45  Supply Depot  
  50  7:01  Marine x3  
  50  7:06  Thor  
  59  7:09  Missile Turret  
  59  7:19  Marine  
  59  7:21  SCV  
  61  7:23  Refinery  
  61  7:29  Missile Turret  
  61  7:33  SCV  
  62  7:39  Terran Vehicle Weapons Level 1  
  62  7:44  Viking  
  62  7:45  SCV  
  62  7:46  Neosteel Armor  
  65  7:51  Missile Turret  
  65  7:57  SCV  
  66  7:58  Refinery  
  66  8:09  SCV  
  67  8:22  SCV  
  68  8:34  SCV  
  69  8:46  SCV  
  70  8:58  SCV  
  71  9:10  SCV  
  71  9:12  Fusion Core  
  72  9:22  SCV, Siege Tank  
  72  9:23  Marine x3  
  79  9:26  Hi-Sec Auto Tracking  
  79  9:29  Medivac  
  81  9:33  Terran Vehicle And Ship Armor Level 1  
  81  9:34  SCV  
  82  9:41  Marine x3  
  85  9:46  SCV  
  86  9:58  Missile Turret  
  86  10:02  Starport  
  86  10:17  Weapon Refit  
  86  10:23  Terran Infantry Weapons Level 2, Missile Turret  
  86  10:49  Missile Turret  
  86  11:27  Terran Ship Weapons Level 1  
  86  11:33  Marine x2  
  86  11:47  Marine  
  80  11:57  Rapid Reignition System  
Show
View Real Time Build Order
Export as new Build Order

MrFercho Zerg - Winner!

Build Orders: Hatch First, Roach Hydra 

Get SALT Encoding   

  12  0:01  Drone  
  13  0:16  Drone  
  13  0:19  Overlord  
  14  0:38  Drone x2  
  14  0:42  Drone  
  17  0:58  Hatchery  
  16  1:06  Drone x2  
  18  1:20  Extractor  
  18  1:22  Spawning Pool, Drone x2  
  18  1:32  Drone  
  19  2:03  Drone x2  
  21  2:18  Zergling x6  
  21  2:20  Queen x2  
  21  2:22  Overlord  
  28  2:48  Drone  
  28  2:49  Drone x4  
  33  2:54  Roach Warren  
  33  2:56  Drone  
  33  2:58  Evolution Chamber  
  33  3:04  Metabolic Boost  
  32  3:06  Lair  
  32  3:09  Drone x2  
  32  3:11  Drone  
  35  3:30  Drone  
  35  3:31  Overlord x2  
  36  3:48  Zerg Missile Weapons Level 1  
  36  3:51  Extractor  
  36  3:52  Drone x6  
  36  3:53  Extractor  
  40  4:28  Drone x5  
  40  4:29  Drone x3  
  48  4:33  Glial Reconstitution  
  48  4:40  Drone  
  48  4:44  Hatchery  
  48  4:55  Spine Crawler  
  48  4:59  Spine Crawler  
  46  5:00  Roach x2, Spine Crawler  
  46  5:01  Roach  
  46  5:03  Overlord x3  
  51  5:23  Roach x4  
  51  5:24  Roach x2  
  63  5:45  Drone x3  
  63  5:47  Zerg Missile Weapons Level 2  
  66  5:55  Evolution Chamber  
  66  5:56  Drone  
  66  5:57  Drone x3  
  69  6:08  Hydralisk Den  
  69  6:10  Drone x3  
  69  6:11  Drone  
  72  6:13  Extractor  
  72  6:17  Overlord x3  
  71  6:18  Overlord x2  
  71  6:25  Zerg Ground Armor Level 1  
  71  6:42  Hatchery  
  70  6:49  Extractor  
  70  6:50  Extractor  
  70  6:53  Muscular Augments  
  68  6:59  Lurker Den  
  67  7:02  Spire  
  67  7:05  Drone  
  67  7:06  Drone, Infestation Pit  
  67  7:12  Roach x7  
  81  7:25  Overlord x3  
  81  7:26  Overlord  
  81  7:38  Roach x7  
  95  7:48  Pneumatized Carapace  
  95  7:59  Drone  
  95  8:00  Drone x6  
  95  8:04  Grooved Spines  
  102  8:08  Hive  
  102  8:18  Drone x3  
  106  8:20  Drone x3  
  106  8:26  Zerg Ground Armor Level 2  
  108  8:30  Queen  
  108  8:34  Roach x3  
  116  8:53  Hydralisk x6  
  116  8:54  Hydralisk  
  130  9:12  Hydralisk x5  
  140  9:24  Seismic Spines  
  139  9:33  Greater Spire  
  139  9:53  Zerg Missile Weapons Level 3  
  139  9:59  Overlord x2  
  139  10:00  Overlord x2  
  139  10:04  Roach  
  139  10:05  Roach x5  
  151  10:21  Adaptive Talons  
  141  10:32  Corruptor x2  
  141  10:33  Corruptor x6  
  91  11:04  Hydralisk x7  
  91  11:05  Hydralisk x4  
  113  11:19  Brood Lord x4  
  121  11:26  Brood Lord  
  123  11:52  Hydralisk  
  123  11:53  Hydralisk x4  
  133  11:57  Overseer  
  133  12:09  Zergling x2  
  133  12:10  Zergling x20  
  144  12:28  Queen  
  128  13:01  Hydralisk x12  
  142  13:11  Hydralisk  
  142  13:12  Hydralisk x8  
  156  13:32  Overseer x2  
  156  13:33  Overseer  
Tags
 
Add a new tag
Caveats
  • Supply blocks, unpowered buildings, or Contaminate may cause inaccurate times.
  • Supply counts are checked every 10 seconds.